Map: Last Fantasy LE

Players

MKLOL

  • Race: Protoss Protoss
  • League: Diamond
  • Spawn Location: 7:00

Drift - Winner!

  • Race: Terran Terran
  • League: Master
  • Spawn Location: 3:00

VOD

Have the link to the VOD?

Description

Time

  • Played on: April 29, 2025, 9:09 p.m.
  • Length: 9:35
Show
View Real Time Build Order
Export as new Build Order

MKLOL Protoss 

Build Orders: 1 Gate Expand, Blink Stalkers 

Get SALT Encoding   

  12  0:00  Probe  
  13  0:12  Probe  
  14  0:18  Pylon  
  14  0:24  Probe  
  15  0:32  Probe  
  15  0:37  Gateway  
  16  0:43  Probe  
  16  0:46  Assimilator  
  17  0:55  Probe  
  18  1:07  Probe  
  19  1:22  Probe  
  19  1:25  Cybernetics Core  
  20  1:34  Probe  
  20  1:37  Nexus  
  21  1:42  Pylon  
  21  1:46  Probe  
  22  1:53  Pylon  
  22  1:56  Adept  
  22  1:58  Probe  
  23  2:06  Warp Gate  
  25  2:12  Assimilator  
  25  2:14  Probe  
  25  2:19  Adept  
  25  2:26  Probe  
  28  2:38  Probe  
  28  2:40  Stalker  
  31  2:54  Twilight Council  
  31  2:59  Gateway  
  31  3:00  Probe  
  31  3:01  Probe  
  33  3:12  Robotics Facility  
  33  3:13  Blink  
  33  3:18  Gateway  
  33  3:26  Shield Battery  
  32  3:36  Probe  
  33  3:42  Probe  
  33  3:48  Probe  
  35  3:50  Probe  
  36  3:57  Stalker x2  
  36  4:00  Probe  
  36  4:01  Probe  
  42  4:13  Probe x2  
  44  4:20  Stalker  
  44  4:22  Stalker  
  48  4:25  Probe x2  
  48  4:27  Stalker  
  52  4:34  Observer  
  52  4:37  Probe  
  54  4:43  Pylon  
  54  4:50  Pylon  
  54  4:56  Probe x2  
  52  5:08  Stalker x3  
  58  5:15  Probe  
  59  5:22  Charge  
  59  5:25  Probe  
  59  5:27  Nexus  
  59  5:29  Pylon  
  59  5:31  Stalker  
  59  5:32  Stalker x2  
  65  5:37  Shield Battery  
  65  5:39  Probe  
  65  5:40  Probe  
  67  5:45  Pylon  
  67  5:52  Gateway  
  67  5:54  Gateway  
  67  5:58  Gateway  
  67  6:02  Gateway  
  67  6:04  Probe  
  67  6:05  Probe  
  68  6:15  Stalker  
  70  6:19  Probe x2  
  72  6:31  Zealot x2, Probe x2  
  78  6:34  Pylon  
  78  6:42  Gateway  
  78  6:43  Probe x2  
  80  6:50  Zealot x3  
  80  6:52  Probe  
  87  6:55  Probe x2  
  87  6:57  Assimilator  
  87  6:59  Assimilator  
  89  7:03  Zealot x2  
  89  7:06  Zealot  
  89  7:07  Probe  
  96  7:08  Probe  
  97  7:19  Zealot x4  
  103  7:35  Zealot x3  
  109  7:39  Pylon  
  67  7:59  Zealot x7  
  67  8:00  Zealot  
  67  8:05  Probe  
  64  8:19  Zealot x5  
  60  8:20  Zealot x3  
  44  8:37  Zealot x3  
  50  8:46  Probe  
  42  8:50  Probe  
  42  8:53  Sentry x2  
  42  8:55  Probe  
  48  8:59  Sentry  
  48  9:02  Probe  
  52  9:04  Probe  
  52  9:07  Sentry  
  55  9:12  Probe  
  55  9:16  Probe  
Show
View Real Time Build Order
Export as new Build Order

Drift Terran - Winner!

Build Orders:  

Get SALT Encoding   

  12  0:00  SCV  
  13  0:12  SCV  
  14  0:17  Supply Depot  
  14  0:24  SCV  
  15  0:39  Barracks, SCV  
  16  0:44  Refinery  
  16  0:51  SCV  
  16  0:53  Refinery  
  17  1:03  SCV  
  18  1:15  SCV  
  19  1:28  Reaper  
  19  1:30  Orbital Command  
  20  1:33  Supply Depot  
  20  1:43  Factory  
  20  1:56  SCV  
  21  2:01  Barracks Reactor  
  21  2:08  SCV  
  22  2:20  SCV  
  23  2:23  Command Center  
  23  2:29  Hellion  
  25  2:32  SCV  
  26  2:42  Starport  
  26  2:44  SCV  
  26  2:50  Marine x2  
  30  2:58  Supply Depot  
  29  3:08  Marine x2  
  31  3:20  Widow Mine, SCV, Medivac  
  35  3:35  SCV  
  35  3:37  Marine x2  
  36  3:43  Factory Tech Lab  
  36  3:47  SCV  
  36  3:48  Supply Depot  
  37  3:50  Starport Tech Lab  
  37  3:54  Orbital Command  
  37  3:55  Marine x2  
  37  3:59  SCV  
  37  4:02  Siege Tank  
  45  4:10  Raven  
  45  4:11  SCV, Supply Depot  
  45  4:13  Marine x2  
  48  4:21  SCV  
  49  4:27  Barracks  
  49  4:29  SCV  
  50  4:32  Marine  
  50  4:33  Marine, SCV  
  50  4:34  Siege Tank  
  56  4:41  SCV  
  56  4:45  SCV  
  58  4:46  Barracks  
  58  4:49  Marine  
  58  4:50  Marine  
  59  4:54  SCV  
  60  5:04  Starport Reactor  
  60  5:05  SCV  
  60  5:06  SCV  
  60  5:07  Marine  
  60  5:13  Engineering Bay  
  60  5:14  Refinery, Supply Depot  
  61  5:17  Marine, SCV  
  61  5:18  SCV  
  64  5:25  Marine  
  65  5:33  SCV x2  
  67  5:37  Refinery  
  67  5:38  Supply Depot  
  67  5:40  Stimpack, Barracks Reactor  
  67  5:41  Supply Depot  
  67  5:42  Medivac, Factory Reactor  
  68  5:44  Marine x2  
  68  5:45  SCV  
  68  5:47  Combat Shield  
  76  5:50  Marauder x2  
  76  5:52  SCV  
  77  5:57  SCV  
  77  6:01  Supply Depot  
  77  6:02  Marine x2  
  80  6:04  SCV  
  80  6:07  Terran Infantry Weapons Level 1  
  80  6:09  SCV, Supply Depot  
  80  6:10  Marine  
  85  6:11  Marauder  
  85  6:17  SCV  
  86  6:20  Marine x2  
  86  6:22  Medivac  
  89  6:34  Marine  
  89  6:35  Marauder  
  92  6:43  Marine  
  92  6:44  Medivac, Widow Mine x2  
  92  6:47  Marine  
  99  6:48  Supply Depot  
  99  6:52  Medivac, Supply Depot  
  99  6:53  Marauder  
  104  6:56  Marauder  
  104  7:01  Marine  
  107  7:06  Marine  
  108  7:14  Marine  
  107  7:18  Marauder  
  109  7:26  Marine  
  109  7:27  Medivac  
  109  7:28  Medivac  
  113  7:30  Marine  
  113  7:32  Marauder  
  113  7:33  Command Center  
  113  7:35  Barracks  
  113  7:36  Barracks  
  113  7:39  Marauder  
  112  7:44  Marine  
  105  7:53  Marine, Marauder  
  105  7:58  SCV  
  102  8:00  SCV  
  102  8:01  Marauder  
  102  8:09  Marine  
  102  8:10  SCV  
  102  8:12  SCV  
  104  8:15  Marauder  
  100  8:22  Marine, SCV, Marauder  
  102  8:33  Marine  
  93  8:36  Marauder  
  93  8:39  Marine, Widow Mine  
  94  8:44  Marauder  
  86  8:50  Barracks Tech Lab, Marine  
  86  8:51  Barracks Reactor  
  86  8:55  SCV x2  
  83  9:00  Marine  
  83  9:01  Marine  
  82  9:04  Marine  
  82  9:06  Widow Mine x2  
  82  9:07  SCV  
Tags
 
Add a new tag
Caveats
  • Supply blocks, unpowered buildings, or Contaminate may cause inaccurate times.
  • Supply counts are checked every 10 seconds.